[Event "Team 45 45 League T43"]
[Site "Internet Chess Club"]
[Date "2009.12.06"]
[Round "6"]
[White "philosopherking"]
[Black "stputte"]
[Result "1/2-1/2"]
[WhiteElo "1506"]
[BlackElo "1453"]
[Opening "QGD: Semi-Tarrasch defense, Pillsbury variation"]
[ECO "D40"]
[Time "12:00:28"]
[TimeControl "2700+45"]

1. d4 Nf6 2. c4 c5 3. Nf3 e6 4. Nc3 d5 5. Bg5 dxc4 6. e3 Nc6 7. Bxc4 cxd4 8.
exd4 Be7 9. O-O O-O 10. Re1 Re8 11. d5 Nxd5 12. Nxd5 Bxg5 13. Nc7 Qxc7 14. Nxg5
h6 15. Ne4 Rd8 16. Qg4 Qe7 17. Red1 f5 18. Qxf5 Kh8 19. Qg6 Rxd1+ 20. Rxd1 Ne5
21. Qg3 Nxc4 22. Qc3 Nb6 23. b3 Nd5 24. Qe5 Qc7 25. Qxc7 Nxc7 26. Rd8+ Kh7 27.
Nd6 Nd5 28. Rxc8 Rxc8 29. Nxc8 a5 30. Nd6 b6 31. Kf1 Nc3 32. a3 b5 33. Nb7 {Game
drawn by mutual agreement} 1/2-1/2

[Event "Team 45 45 League T43"]
[Site "Internet Chess Club"]
[Date "2009.12.11"]
[Round "6"]
[White "whale5970"]
[Black "zachi"]
[Result "1/2-1/2"]
[WhiteElo "1646"]
[BlackElo "1940"]
[Opening "Caro-Kann: Panov-Botvinnik attack, 5...g6"]
[ECO "B14"]
[Time "09:01:12"]
[TimeControl "2700+45"]

1. e4 c6 2. d4 d5 3. exd5 cxd5 4. c4 Nf6 5. Nc3 g6 6. Qb3 Bg7 7. Nf3 dxc4 8.
Bxc4 O-O 9. O-O Nc6 10. Ne5 e6 11. Nxc6 bxc6 12. Be3 Qc7 13. h3 Nd5 14. Rac1
Nxe3 15. fxe3 Rb8 16. Qc2 c5 17. d5 exd5 18. Nxd5 Qe5 19. b3 Bb7 20. Qd2 Rbd8
21. Rcd1 Kh8 22. a3 Bh6 23. Qd3 Bxd5 24. Bxd5 Qxe3+ 25. Kh2 Qxd3 26. Rxd3 f5 27.
Re1 Rfe8 28. Rxe8+ Rxe8 29. Bf3 Bf4+ 30. g3 Be3 31. Rd7 a5 32. Kg2 Rc8 33. Bb7
Re8 34. Bf3 Bc1 35. a4 Bg5 36. Bd5 Rd8 37. Rxd8+ Bxd8 38. g4 {Game drawn by
mutual agreement} 1/2-1/2

[Event "Team 45 45 League T43"]
[Site "Internet Chess Club"]
[Date "2009.12.04"]
[Round "6"]
[White "Nikhil03"]
[Black "AndersO"]
[Result "1/2-1/2"]
[WhiteElo "1583"]
[BlackElo "1416"]
[Opening "French: exchange variation"]
[ECO "C01"]
[Time "18:02:18"]
[TimeControl "2700+45"]

1. e4 e6 2. d4 d5 3. exd5 exd5 4. Nc3 Nf6 5. Nf3 Be7 6. Bf4 O-O 7. Bd3 Bg4 8. h3
Bh5 9. O-O c6 10. a3 Nbd7 11. Bf5 Re8 12. Qd3 Bg6 13. Bxg6 hxg6 14. Ne5 Nxe5 15.
Bxe5 Bd6 16. Rfe1 Bxe5 17. Rxe5 Qb6 18. b3 Nd7 19. Re3 Rxe3 20. Qxe3 Nf6 21. Na4
Qc7 22. Qe5 Qxe5 23. dxe5 Nd7 24. f4 g5 25. g3 gxf4 26. gxf4 Re8 27. Kf2 f6 28.
exf6 Nxf6 29. Nc5 Ne4+ 30. Nxe4 Rxe4 31. Kf3 Kf7 32. Rg1 Kf6 33. Rg5 Re1 34. Rg2
b6 35. a4 c5 36. Kg4 d4 37. h4 g6 38. Rh2 Rc1 39. Kf3 Kf5 40. h5 gxh5 41. Rxh5+
Kg6 42. Rh2 Re1 43. Kg4 Rg1+ 44. Kf3 Rf1+ 45. Ke4 Re1+ 46. Kd5 Kf5 47. a5 Kxf4
48. Rh4+ Kg5 49. Rh7 Rc1 50. Rxa7 bxa5 51. Rg7+ Kf6 52. Rg2 d3 53. cxd3 Rc3 54.
Rb2 Rxd3+ 55. Kxc5 Ke5 56. Kc4 Rd4+ 57. Kb5 Rd5+ 58. Ka4 Kd6 59. Rc2 Rd3 60. Rc8
Kd7 61. Rc5 Kd6 62. Rxa5 Rd4+ 63. Kb5 Kc7 64. Ra6 Rd5+ 65. Ka4 Rd4+ 66. b4 Kb7
67. Ra5 Kc6 68. Re5 Rd1 69. Rc5+ Kb6 70. Ka3 Rb1 71. Rd5 Kc6 72. Re5 Ra1+ 73.
Kb2 Rg1 74. Kb3 Kb6 {Game drawn by mutual agreement} 1/2-1/2

[Event "Team 45 45 League T43"]
[Site "Internet Chess Club"]
[Date "2009.12.06"]
[Round "6"]
[White "Kingangyal"]
[Black "imawesome"]
[Result "1-0"]
[WhiteElo "1454"]
[BlackElo "1546"]
[Opening "Queen's pawn: London system"]
[ECO "A45"]
[Time "10:05:31"]
[TimeControl "2700+45"]

1. d4 Nf6 2. Bf4 e6 3. e3 b6 4. Nf3 Bb7 5. Be2 Nc6 6. O-O d5 7. c4 Bd6 8. Bxd6
Qxd6 9. a3 a5 10. Nc3 Ba6 11. Qd3 Bxc4 12. Qc2 Bxe2 13. Qxe2 O-O 14. Nb5 Qd7 15.
Rac1 Rfc8 16. Qc2 Ne7 17. Qd3 c6 18. Ne5 Qd8 19. Nc3 Ng6 20. f4 Nxe5 21. fxe5
Ng4 22. Rf4 Nh6 23. Rcf1 Qe7 24. Qe2 Kf8 25. Qh5 Ke8 26. h4 Nf5 27. Qxh7 Kd7 28.
Rxf5 exf5 29. Qxf5+ Ke8 30. Qh7 f6 31. exf6 Qxe3+ 32. Kh2 Qxd4 33. Qg8+ Kd7 34.
Qf7+ Kd8 35. Qe7# {Black checkmated} 1-0

[Event "Team 45 45 League T43"]
[Site "Internet Chess Club"]
[Date "2009.12.06"]
[Round "6"]
[White "QueensCounselor"]
[Black "Zumbi"]
[Result "1/2-1/2"]
[WhiteElo "2075"]
[BlackElo "2033"]
[Opening "Sicilian: Grand Prix attack"]
[ECO "B23"]
[Time "11:13:29"]
[TimeControl "2700+45"]

1. e4 c5 2. Nc3 Nc6 3. f4 g6 4. Nf3 Bg7 5. Bb5 Nd4 6. O-O Nxb5 7. Nxb5 d5 8.
exd5 a6 9. Nc3 Nf6 10. d4 c4 11. Qe2 Nxd5 12. Qxc4 Nxc3 13. Qxc3 Bf5 14. Qd2 O-O
15. c3 Rc8 16. Nh4 Be4 17. f5 e5 {Game drawn by mutual agreement} 1/2-1/2

[Event "Team 45 45 League T43"]
[Site "Internet Chess Club"]
[Date "2009.12.03"]
[Round "6"]
[White "Ptzz"]
[Black "The7thGuest"]
[Result "1/2-1/2"]
[WhiteElo "2031"]
[BlackElo "2066"]
[Opening "Benkö gambit"]
[ECO "A58"]
[Time "14:01:44"]
[TimeControl "2700+45"]

1. d4 Nf6 2. c4 c5 3. d5 b5 4. cxb5 a6 5. bxa6 Bxa6 6. Nc3 g6 7. e4 Bxf1 8. Kxf1
d6 9. g3 Bg7 10. Kg2 O-O 11. h3 Nbd7 12. Nf3 Qc7 13. Re1 Rfb8 14. Re2 Ne8 15.
Rc2 Qb7 16. Bg5 Kf8 17. Qd2 Nc7 18. Bh6 Nb5 19. Bxg7+ Kxg7 20. Re1 Nxc3 21.
Qxc3+ Kg8 22. b3 Nf6 23. Rd2 Qb4 24. Qxb4 Rxb4 25. e5 Ne8 26. Ree2 c4 27. bxc4
Rxc4 28. Nd4 Nc7 29. Nb3 Rca4 30. exd6 exd6 31. Re7 Nb5 32. Rb7 Nc3 33. Rb6 Rxa2
34. Rxa2 Rxa2 35. Rxd6 Ne4 36. Rd8+ Kg7 37. d6 Rxf2+ 38. Kg1 Rf3 39. d7 Rxg3+
40. Kh2 Rd3 41. Re8 Rxd7 42. Rxe4 f5 43. Re3 Kf6 44. Kg3 g5 45. Kf3 f4 46. Rc3
Rd1 47. Nc5 Rg1 48. Ne4+ Kg6 49. Rc6+ Kh5 50. Nf6+ Kh4 51. Nxh7 Rg3+ 52. Kf2
Kxh3 53. Rg6 Rg2+ 54. Kf1 g4 55. Ng5+ Kg3 56. Ne4+ Kf3 57. Ng5+ Kg3 58. Ne4+ Kf3
59. Ng5+ {Game drawn by mutual agreement} 1/2-1/2

[Event "Team 45 45 League T43"]
[Site "Internet Chess Club"]
[Date "2009.12.05"]
[Round "6"]
[White "baumhauer"]
[Black "PaulKaspar"]
[Result "1-0"]
[WhiteElo "1943"]
[BlackElo "1892"]
[Opening "English: symmetrical, Benoni formation"]
[ECO "A31"]
[Time "08:30:29"]
[TimeControl "2700+45"]

1. Nf3 Nf6 2. c4 c5 3. d4 cxd4 4. Nxd4 e5 5. Nc2 Nc6 6. Nc3 Be7 7. g3 O-O 8. Bg2
b6 9. O-O Bb7 10. b3 Rb8 11. Nb5 a6 12. Nd6 Ba8 13. Bb2 Qc7 14. Nf5 Bc5 15. Qd2
Ne7 16. Qg5 Nxf5 17. Qxf5 Bxg2 18. Kxg2 Rfe8 19. Rad1 Rbd8 20. e4 Qc6 21. f3 Qe6
22. Qxe6 Rxe6 23. Rd3 b5 24. cxb5 axb5 25. Rfd1 Ra8 26. a3 Raa6 27. h4 Kf8 28.
g4 Rad6 29. b4 Rxd3 30. Rxd3 Rd6 31. Ne1 Rxd3 32. Nxd3 Bd4 33. Bxd4 exd4 34. Kg3
d6 35. g5 Nd7 36. f4 Nb6 37. Nb2 Ke7 38. f5 f6 39. Kf4 fxg5+ 40. hxg5 Kd7 41. e5
Nc4 42. e6+ Ke7 43. Nxc4 bxc4 44. Ke4 d3 45. Ke3 h5 46. b5 h4 47. b6 {Black
resigns} 1-0

[Event "Team 45 45 League T43"]
[Site "Internet Chess Club"]
[Date "2009.12.07"]
[Round "6"]
[White "Freitac"]
[Black "charles-allen"]
[Result "1-0"]
[WhiteElo "1999"]
[BlackElo "1856"]
[Opening "QGD Slav defense: exchange variation"]
[ECO "D13"]
[Time "18:00:37"]
[TimeControl "2700+45"]

1. d4 d5 2. c4 c6 3. cxd5 cxd5 4. Nc3 Nf6 5. Bf4 Nc6 6. Nf3 Bg4 7. Ne5 e6 8.
Nxg4 Nxg4 9. e3 Nf6 10. Be2 Bd6 11. Bxd6 Qxd6 12. O-O O-O 13. Qd2 a6 14. Rac1
Rfc8 15. f3 b5 16. Rfd1 Rc7 17. e4 dxe4 18. Nxe4 Nxe4 19. fxe4 Nxd4 20. Rxc7
Nxe2+ 21. Qxe2 Qxc7 22. Qe3 Rc8 23. Qd4 Kf8 24. Kh1 e5 25. Qb4+ Ke8 26. h3 Qc4
27. Qd6 Qe6 28. Qb4 Rc4 29. Qa5 Qc8 30. Rd5 Rxe4 31. Qd2 f6 32. Kh2 Qc7 33. Kh1
Rc4 34. Qe3 Rc1+ 35. Kh2 e4+ 36. g3 Rc2+ 37. Rd2 Rxd2+ 38. Qxd2 Qc5 39. b3 e3
40. Qd3 Qe5 41. Qxh7 Qb2+ 42. Kh1 Qc1+ 43. Kh2 Qd2+ 44. Kh1 Qe1+ 45. Kh2 Qf2+
46. Kh1 Qf3+ 47. Kh2 e2 48. Qg8+ Ke7 49. Qxg7+ Kd6 50. Qf8+ Ke5 51. Qc5+ Ke4 52.
Qc6+ Ke3 53. Qc1+ Kd4 54. Qb2+ Qc3 55. Qxe2 Qe3 56. Qxe3+ Kxe3 57. h4 Ke4 58.
Kg2 Kf5 59. Kf3 {Black resigns} 1-0

[Event "Team 45 45 League T43"]
[Site "Internet Chess Club"]
[Date "2009.12.07"]
[Round "6"]
[White "Marichan"]
[Black "Nosferatu1"]
[Result "1/2-1/2"]
[WhiteElo "1923"]
[BlackElo "1838"]
[Opening "Sicilian, Szén (`anti-Taimanov') variation"]
[ECO "B44"]
[Time "15:43:26"]
[TimeControl "2700+45"]

1. e4 c5 2. Nf3 e6 3. d4 cxd4 4. Nxd4 Nc6 5. Nb5 d6 6. c4 a6 7. N5a3 Nf6 8. Nc3
Be7 9. Be3 b6 10. Be2 Bb7 11. Qb3 Na5 12. Qxb6 Nxe4 13. Nxe4 Bxe4 14. f3 Bg6 15.
b4 Qxb6 16. Bxb6 Nc6 17. b5 Nb8 18. O-O Nd7 19. Bd4 e5 20. Bb2 Nc5 21. bxa6 O-O
22. Nb5 Rxa6 23. Rfd1 Na4 24. Ba3 Nc5 25. Bxc5 dxc5 26. Rd7 Bf6 27. Rc7 e4 28.
Re1 Rxa2 29. fxe4 Bxe4 30. Rxc5 Rc2 31. Bf3 Bxf3 32. gxf3 Bh4 33. Rf1 Rd8 34.
Na3 Ra2 35. Nb5 Rc2 36. Na3 Ra2 37. Nb1 h6 38. Rh5 Bf6 39. Rd5 Rb8 40. Rd2 Ra1
41. Rdd1 Rb2 42. c5 Be5 43. f4 Bxf4 44. Rxf4 Rbxb1 45. Rxb1 Rxb1+ 46. Kg2 Rc1
47. Rf5 Kf8 48. Re5 f6 49. Rd5 Rc3 50. Rd8+ Ke7 51. Rg8 Kf7 52. Rc8 g6 53. c6
Ke6 54. Rg8 Kf7 55. Rc8 g5 56. c7 Kg7 57. Kf2 f5 58. Kg2 f4 59. Kf2 g4 60. Rd8
Rxc7 61. Rd4 Rc2+ 62. Kg1 Rc1+ 63. Kf2 Rc2+ 64. Kg1 Kg6 65. Rxf4 Kg5 66. Ra4 h5
67. Ra5+ Kh4 68. Kh1 Rf2 69. Kg1 Rc2 70. Ra4 Rc1+ 71. Kg2 Rc2+ 72. Kg1 Kh3 73.
Ra3+ Kh4 74. Ra4 {Game drawn by repetition} 1/2-1/2

[Event "Team 45 45 League T43"]
[Site "Internet Chess Club"]
[Date "2009.12.06"]
[Round "6"]
[White "lnielsen"]
[Black "Constrictor"]
[Result "1/2-1/2"]
[WhiteElo "1937"]
[BlackElo "1857"]
[Opening "Alekhine's defense: modern variation, 4...Bg4"]
[ECO "B05"]
[Time "16:01:33"]
[TimeControl "2700+45"]

1. e4 Nf6 2. e5 Nd5 3. d4 d6 4. Nf3 Bg4 5. Bc4 e6 6. O-O Be7 7. Bb3 O-O 8. Nbd2
Nc6 9. c4 Nb6 10. exd6 cxd6 11. h3 Bh5 12. Ne4 d5 13. cxd5 Nxd5 14. Nc5 b6 15.
Ne4 Nf6 16. Nxf6+ Bxf6 17. d5 exd5 18. Qxd5 Qxd5 19. Bxd5 Rac8 20. g4 Bg6 21. g5
Be7 22. Bxc6 Rxc6 23. Re1 Bb4 24. Ne5 Re6 25. Re3 Rfe8 26. Nxg6 Rxe3 27. Bxe3
hxg6 28. Rc1 f6 {Game drawn by mutual agreement} 1/2-1/2

[Event "Team 45 45 League T43"]
[Site "Internet Chess Club"]
[Date "2009.12.12"]
[Round "6"]
[White "LucaTrapani"]
[Black "HumanTornado"]
[Result "1/2-1/2"]
[WhiteElo "1928"]
[BlackElo "1969"]
[Opening "Sicilian: Smith-Morra gambit"]
[ECO "B21"]
[Time "16:00:05"]
[TimeControl "2700+45"]

1. e4 c5 2. d4 cxd4 3. c3 Nf6 4. e5 Nd5 5. Bc4 Qc7 6. Qxd4 Nb6 7. Bb5 Nc6 8.
Bxc6 dxc6 9. Nf3 Bf5 10. Qf4 e6 11. c4 Bd3 12. b3 Rd8 13. Bd2 h6 14. h4 Be7 15.
Rh3 Bh7 16. Kf1 Nd7 17. Nc3 Nc5 18. Rg3 Nd3 19. Qg4 Rg8 20. Kg1 Nxe5 21. Nxe5
Qxe5 22. Bf4 Qf5 23. Qxf5 Bxf5 24. Bxh6 Bf6 25. Bg5 Bxg5 26. hxg5 Ke7 27. Re3
Rd2 28. Rae1 Rgd8 {Game drawn by mutual agreement} 1/2-1/2

[Event "Team 45 45 League T43"]
[Site "Internet Chess Club"]
[Date "2009.12.03"]
[Round "6"]
[White "Constrictor"]
[Black "PRS74"]
[Result "1-0"]
[WhiteElo "1853"]
[BlackElo "1869"]
[Opening "Sicilian: Hungarian variation"]
[ECO "B27"]
[Time "20:00:22"]
[TimeControl "2700+45"]

1. Nf3 c5 2. e4 g6 3. c3 Bg7 4. Bc4 Qc7 5. O-O Nf6 6. Re1 O-O 7. d3 a6 8. Nbd2
b5 9. Bb3 Bb7 10. Nf1 Nc6 11. Ng3 e5 12. Bc2 d6 13. Be3 Ng4 14. h3 Nxe3 15. fxe3
Qb6 16. Bb3 Na5 17. Bd5 Nc6 18. Rf1 Bh6 19. Qe2 c4 20. d4 exd4 21. exd4 Rae8 22.
Nh2 Nxd4 23. Bxf7+ Rxf7 24. cxd4 Qxd4+ 25. Kh1 Bxe4 26. Rxf7 Kxf7 27. Rf1+ Kg8
28. Ng4 Bg7 29. Nxe4 Qxe4 30. Qf2 Rf8 31. Qxf8+ Bxf8 32. Nf6+ Kg7 33. Nxe4 d5
34. Ng5 Kg8 35. Ne6 Bd6 36. Rd1 Kf7 37. Ng5+ {Black resigns} 1-0

[Event "Team 45 45 League T43"]
[Site "Internet Chess Club"]
[Date "2009.12.03"]
[Round "6"]
[White "idjit"]
[Black "ghostfire"]
[Result "0-1"]
[WhiteElo "1772"]
[BlackElo "1829"]
[Opening "Sicilian: Najdorf, 6...e6"]
[ECO "B95"]
[Time "21:00:17"]
[TimeControl "2700+45"]

1. e4 c5 2. Nf3 d6 3. d4 cxd4 4. Nxd4 Nf6 5. Nc3 a6 6. Bg5 e6 7. Qd2 Qc7 8.
O-O-O b5 9. e5 dxe5 10. Bxb5+ axb5 11. Ndxb5 Qb6 12. Na4 Rxa4 {White resigns}
0-1

[Event "Team 45 45 League T43"]
[Site "Internet Chess Club"]
[Date "2009.12.07"]
[Round "6"]
[White "Monsieur"]
[Black "Kallistos"]
[Result "0-1"]
[WhiteElo "1609"]
[BlackElo "1738"]
[Opening "Center game"]
[ECO "C22"]
[Time "13:26:36"]
[TimeControl "2700+45"]

1. e4 e5 2. d4 exd4 3. Qxd4 Nc6 4. Qd1 Bb4+ 5. Bd2 Qe7 6. Bd3 d5 7. Nf3 dxe4 8.
O-O exd3 9. Re1 Be6 10. cxd3 O-O-O 11. Bxb4 Qxb4 12. b3 Nf6 13. Qc2 Nd4 14. Qd1
Nxf3+ 15. gxf3 Qd4 16. Na3 Qxd3 17. Qc1 Qxf3 18. Nb5 Qg4+ 19. Kf1 Rd7 20. Re3 a6
21. Na7+ Kb8 22. Rg3 Qd4 23. Nc6+ bxc6 24. Qe1 Rhd8 25. a4 Qd1 26. Rxd1 Rxd1 27.
Qxd1 Rxd1+ 28. Ke2 Rb1 29. Rc3 Rxb3 30. Rxc6 Rb6 31. Rc3 a5 32. Rc5 Ra6 33. Rb5+
Kc8 34. Rc5 Kd7 35. f4 Bb3 36. Rg5 g6 37. Rg3 Bxa4 38. f5 Bb5+ 39. Ke1 a4 40.
fxg6 fxg6 {White resigns} 0-1

[Event "Team 45 45 League T43"]
[Site "Internet Chess Club"]
[Date "2009.12.05"]
[Round "6"]
[White "ddlj81"]
[Black "upsan"]
[Result "0-1"]
[WhiteElo "1830"]
[BlackElo "1816"]
[Opening "French: Winawer (Nimzovich) variation"]
[ECO "C15"]
[Time "15:00:20"]
[TimeControl "2700+45"]

1. e4 e6 2. d4 d5 3. Nc3 Bb4 4. a3 Bxc3+ 5. bxc3 dxe4 6. Qg4 Nf6 7. Qxg7 Rg8 8.
Qh6 Nbd7 9. Ne2 b6 10. Ng3 Bb7 11. Be2 Qe7 12. O-O O-O-O 13. a4 Qf8 14. c4 Rg6
15. Qe3 Ng4 16. Bxg4 Rxg4 17. h3 Rg6 18. Ba3 Qg8 19. Be7 Re8 20. Bh4 f5 21. Rfd1
Rf8 22. Qf4 Qg7 23. a5 e5 24. dxe5 Qxe5 25. Bg5 bxa5 26. Kh2 Qc5 27. Qd2 Rd6 28.
Qe3 Qxe3 29. Bxe3 f4 30. Bxa7 fxg3+ 31. fxg3 Rxd1 32. Rxd1 c5 33. Kg1 Kc7 34.
Ra1 Ra8 35. Rxa5 Bc6 36. Ra1 Kb7 37. Rf1 Rxa7 38. Rf7 Ra2 39. Rxh7 Rxc2 40. Re7
Rxc4 41. h4 Rc3 42. g4 Kc7 43. g5 Kd6 44. Rf7 e3 45. Rf1 Rc2 46. Re1 Rxg2+ 47.
Kf1 Rg3 48. Ke2 Ne5 49. Rb1 Be4 50. Rb6+ Kd5 51. Rb8 Bd3+ {White resigns} 0-1

[Event "Team 45 45 League T43"]
[Site "Internet Chess Club"]
[Date "2009.12.05"]
[Round "6"]
[White "qs16"]
[Black "touchthis"]
[Result "0-1"]
[WhiteElo "1901"]
[BlackElo "1735"]
[Opening "Queen's pawn"]
[ECO "A40"]
[Time "11:00:19"]
[TimeControl "2700+45"]

1. d4 e6 2. e3 Nf6 3. Bd3 d5 4. Nd2 c5 5. c3 Nc6 6. f4 cxd4 7. exd4 Qc7 8. Ndf3
Be7 9. Ne5 O-O 10. Ngf3 Nd7 11. O-O f6 12. Nxc6 bxc6 13. Nh4 f5 14. Nf3 c5 15.
Bd2 cxd4 16. Nxd4 Nc5 17. Bc2 Ne4 18. Rf3 Bc5 19. Be3 Rf6 20. Bxe4 dxe4 21. Rg3
Ba6 22. b4 Bd6 23. b5 Bb7 24. Ne2 Rd8 25. Qc2 Bd5 26. Rc1 Bc4 27. Bd4 e5 28.
fxe5 Bxe5 29. Bxe5 Qxe5 30. Nd4 f4 31. Rh3 Bd3 32. Qb3+ Kh8 33. Nc6 Qc5+ 34. Kh1
Rdf8 35. Qd1 Qxb5 36. Ne7 Qc5 {White resigns} 0-1

[Event "Team 45 45 League T43"]
[Site "Internet Chess Club"]
[Date "2009.12.05"]
[Round "6"]
[White "parrot9"]
[Black "oldsj"]
[Result "1-0"]
[WhiteElo "1741"]
[BlackElo "1581"]
[Opening "Scotch: Schmidt variation"]
[ECO "C45"]
[Time "09:00:19"]
[TimeControl "2700+45"]

1. e4 e5 2. Nf3 Nc6 3. d4 exd4 4. Nxd4 Nf6 5. Nxc6 bxc6 6. Bd3 Bc5 7. Bg5 d6 8.
O-O h6 9. Bh4 Bg4 10. Qd2 Bd4 11. c3 Bb6 12. Na3 Qe7 13. Nc4 Qe6 14. h3 Bh5 15.
a4 a5 16. e5 dxe5 17. Nxe5 O-O 18. Rfe1 Qd6 19. Nc4 Qd8 20. Qc2 Bc5 21. Re5 Be7
22. Bxf6 Bxf6 23. Rxh5 Bg5 24. Rd1 Qf6 25. h4 Bxh4 26. Rf5 Qe6 27. Re5 Qf6 28.
Rde1 Qd8 29. Nd2 f6 30. Re7 f5 31. R7e5 f4 32. Nf3 Bf6 33. Re6 Qd5 34. b3 Rad8
35. Bc4 {Black resigns} 1-0

[Event "Team 45 45 League T43"]
[Site "Internet Chess Club"]
[Date "2009.12.04"]
[Round "6"]
[White "rom1"]
[Black "tenor"]
[Result "0-1"]
[WhiteElo "1554"]
[BlackElo "1774"]
[Opening "QGD: exchange, positional line"]
[ECO "D35"]
[Time "13:05:50"]
[TimeControl "2700+45"]

1. d4 d5 2. c4 e6 3. Nc3 Nf6 4. cxd5 exd5 5. Bg5 Nbd7 6. e3 Be7 7. Bd3 c6 8. Qc2
O-O 9. Nge2 Re8 10. O-O h6 11. Bh4 Ne4 12. Bxe7 Qxe7 13. Rab1 Ndf6 14. b4 Bg4
15. a4 Rac8 16. h3 Bxe2 17. Bxe2 Nxc3 18. Qxc3 Ne4 19. Qc2 g6 20. Bd3 f5 21.
Bxe4 Qxe4 22. Rfc1 a6 23. Qxe4 Rxe4 24. b5 axb5 25. axb5 f4 26. bxc6 bxc6 27.
Rc3 fxe3 28. fxe3 Kf7 29. Rbb3 Ke6 30. Rb7 Kd6 31. Rg7 Re6 32. Ra3 Rc7 33. Rg8
g5 34. Rf8 c5 35. Rd8+ Ke7 36. Rxd5 c4 37. Rc3 Rec6 38. Rf5 Rb6 39. Re5+ Kd6 40.
Rf5 Rb3 41. Rxb3 cxb3 42. Rb5 Rc1+ 43. Kh2 Rc3 44. e4 Kc6 45. Rb8 Kc7 46. Rb4
Kc6 47. d5+ Kc5 48. Rb8 Re3 49. Rc8+ Kd6 50. Rc6+ Kd7 51. Rb6 Kc7 52. Rb4 Kd6
53. Kg1 Ke5 54. d6 Kxd6 55. Kf2 Rc3 56. Ke2 Ke5 57. Kd2 Rg3 58. Kc1 h5 59. Kb2
h4 60. Rc4 Rxg2+ 61. Kxb3 Rg3+ 62. Kc2 Rxh3 63. Kd2 Rg3 64. Ke2 g4 65. Kf2 Rf3+
66. Kg1 Rf4 67. Ra4 Rxe4 68. Ra8 Rb4 69. Rg8 Kf4 70. Rh8 Kg3 {White resigns} 0-1

[Event "Team 45 45 League T43"]
[Site "Internet Chess Club"]
[Date "2009.12.05"]
[Round "6"]
[White "check-man"]
[Black "SATELLITE-DAN"]
[Result "1-0"]
[WhiteElo "1530"]
[BlackElo "1505"]
[Opening "Scotch gambit: Dubois-Réti defense"]
[ECO "C55"]
[Time "15:00:22"]
[TimeControl "2700+45"]

1. e4 e5 2. Nf3 Nc6 3. d4 exd4 4. Bc4 Nf6 5. e5 d5 6. Bb5 Ne4 7. Nxd4 Bc5 8. Be3
Bd7 9. Bxc6 bxc6 10. Nxc6 Bxc6 11. Bxc5 Nxc5 12. O-O Qg5 13. Qd4 Qe7 14. Re1 O-O
15. Nc3 Ne6 16. Qd2 d4 17. Ne2 Rad8 18. Rad1 Bb7 19. Qa5 a6 20. Qa4 c5 21. a3
Qg5 22. Ng3 h5 23. f3 h4 24. Ne4 Qg6 25. c3 Nf4 26. g3 Bxe4 27. Rxe4 Nd5 28.
Rxh4 Qf5 29. cxd4 Qxf3 30. Rf1 Qe3+ 31. Kh1 cxd4 32. Qxd4 Qxd4 33. Rxd4 {Black
forfeits on time} 1-0

[Event "Team 45 45 League T43"]
[Site "Internet Chess Club"]
[Date "2009.12.06"]
[Round "6"]
[White "kingphisch"]
[Black "juniorVishy"]
[Result "0-1"]
[WhiteElo "1487"]
[BlackElo "1488"]
[Opening "Sicilian: Grand Prix attack"]
[ECO "B23"]
[Time "16:03:06"]
[TimeControl "2700+45"]

1. e4 c5 2. Nc3 Nc6 3. f4 g6 4. Nf3 Bg7 5. Bc4 Nf6 6. d3 d6 7. O-O Bg4 8. Ne2
Qc7 9. Qe1 O-O 10. h3 Bd7 11. Bd2 Rab8 12. Ng3 a5 13. f5 b5 14. Bd5 b4 15. fxg6
hxg6 16. Nh4 Nxd5 17. exd5 Ne5 18. Ne4 Qb7 19. Nf3 Nxf3+ 20. Rxf3 Bxb2 21. Qh4
Qxd5 22. Ng5 Qd4+ 23. Qxd4 Bxd4+ 24. Be3 Bxa1 25. h4 Kg7 26. h5 Bg4 27. h6+ Kg8
28. Rg3 Bf5 29. Nf3 Bf6 30. Bg5 Bxg5 31. Nxg5 f6 32. Nf3 g5 33. Nh4 Bd7 34. Ng6
Rf7 35. Re3 Re8 36. Rg3 Kh7 {White resigns} 0-1

[Event "Team 45 45 League T43"]
[Site "Internet Chess Club"]
[Date "2009.12.06"]
[Round "6"]
[White "zigzag2002"]
[Black "dpmdpm"]
[Result "1-0"]
[WhiteElo "1335"]
[BlackElo "1193"]
[Opening "Sicilian"]
[ECO "B50"]
[Time "10:02:10"]
[TimeControl "2700+45"]

1. e4 c5 2. Nf3 d6 3. Bc4 Nf6 4. Nc3 Nc6 5. O-O g6 6. d3 Bg7 7. Bf4 O-O 8. Re1
e5 9. Bg5 a6 10. Qd2 b5 11. Bb3 Bb7 12. a4 Qb6 13. Bxf6 Bxf6 14. a5 Nxa5 15. Bd5
Bxd5 16. Nxd5 Qd8 17. Qxa5 Bg7 18. Qxd8 Rfxd8 19. Nc7 Ra7 20. Nxb5 Rb7 21. Na3
Rxb2 22. Reb1 Rdb8 23. Nd2 Bh6 24. Ndc4 Rxb1+ 25. Rxb1 Rd8 26. Rb6 d5 27. exd5
Rxd5 28. Rxa6 e4 29. Rd6 Rh5 30. dxe4 Bf4 31. Rd5 Bxh2+ 32. Kf1 Rh4 33. f3 Bg3
34. Ne3 Rh1+ 35. Ke2 Re1+ 36. Kd3 Bf2 37. Nac4 Bh4 38. g4 Be7 39. Kc3 Bf6+ 40.
e5 Bg5 41. Rd3 Rf1 42. Nd2 Rf2 43. Ne4 {Black resigns} 1-0

[Event "Team 45 45 League T43"]
[Site "Internet Chess Club"]
[Date "2009.12.06"]
[Round "6"]
[White "otib2006"]
[Black "baseball613"]
[Result "1-0"]
[WhiteElo "1360"]
[BlackElo "1305"]
[Opening "Queen's pawn"]
[ECO "A40"]
[Time "08:00:36"]
[TimeControl "2700+45"]

1. d4 c6 2. Nf3 d5 3. e3 Bg4 4. Bd3 Nf6 5. O-O e6 6. Nbd2 c5 7. Qe1 Nc6 8. c4
Be7 9. b3 O-O 10. Bb2 cxd4 11. Nxd4 Nxd4 12. Bxd4 Re8 13. Bxf6 Bxf6 14. Rc1 Rc8
15. e4 Bg5 16. Be2 Bxe2 17. Qxe2 Qa5 18. Rc2 dxe4 19. Nxe4 Bf4 20. g3 Bb8 21.
Re1 h5 22. Rd1 Re7 23. Nd6 Rd8 24. Nxb7 Rxd1+ 25. Kg2 Rxb7 26. Qxd1 g6 27. Rd2
Qc7 28. Kf1 h4 29. Rd8+ Kg7 30. Qd4+ f6 31. Re8 Kf7 32. Rh8 Kg7 33. Qxh4 f5 34.
Rh7+ Kg8 35. Rxc7 Bxc7 36. Qf6 Kh7 37. Qxe6 Bb6 38. Qc8 Re7 39. c5 Ba5 40. Qf8
Re1+ 41. Kg2 Re2 42. Qf7+ Kh6 43. Qf8+ Kh7 44. Qf7+ Kh6 45. c6 Rc2 46. c7 Rxc7
47. Qf6 Rc8 48. Qa6 Bd8 49. Qxc8 Bg5 50. Qh8# {Black checkmated} 1-0

[Event "Team 45 45 League T43"]
[Site "Internet Chess Club"]
[Date "2009.12.06"]
[Round "6"]
[White "abescac"]
[Black "Zohan"]
[Result "1-0"]
[WhiteElo "1492"]
[BlackElo "1362"]
[Opening "Sicilian: closed"]
[ECO "B24"]
[Time "15:00:15"]
[TimeControl "2700+45"]

1. e4 c5 2. Nc3 Nc6 3. g3 g6 4. Bg2 Bg7 5. d3 e5 6. Nf3 Nf6 7. Bg5 O-O 8. O-O d6
9. Nd5 Be6 10. c4 Bxd5 11. cxd5 Nd4 12. Nxd4 cxd4 13. Qd2 h6 14. Bxh6 Qb6 15. b3
Rac8 16. Rfc1 Rc7 17. Rxc7 Qxc7 18. Rc1 Qd7 19. Rc2 Rc8 20. Bxg7 Kxg7 21. Qc1
Rxc2 22. Qxc2 Ne8 23. a4 Nc7 24. Qc4 b5 25. axb5 Nxb5 26. Qc6 Qxc6 27. dxc6 Nc7
28. Bf1 d5 29. f3 f5 30. Kf2 Kf6 31. h3 a6 32. Be2 Ke6 33. h4 Kf6 34. Bd1 Ke6
35. b4 dxe4 36. fxe4 fxe4 37. dxe4 Kf6 38. g4 Nb5 39. Be2 Nc7 40. Bc4 Kg7 41.
Kg2 Ne8 42. Kg3 Nd6 43. Bd3 Kf7 44. c7 Ke7 45. c8=Q Nxc8 46. Bxa6 Nd6 47. Bd3
Nc8 48. g5 Nb6 49. Kg4 Kf7 50. h5 Kg7 51. hxg6 Kxg6 52. Kh4 Nc8 53. b5 Nb6 54.
Kg4 Nd7 55. Bc2 Nc5 56. b6 d3 57. Bxd3 Nd7 58. b7 Nb8 59. Bb5 Kg7 60. Kf5 {Black
resigns} 1-0

[Event "Team 45 45 League T43"]
[Site "Internet Chess Club"]
[Date "2009.12.04"]
[Round "6"]
[White "houseofcook"]
[Black "BarryNL"]
[Result "1/2-1/2"]
[WhiteElo "1507"]
[BlackElo "1489"]
[Opening "French: advance, Paulsen attack"]
[ECO "C02"]
[Time "13:30:23"]
[TimeControl "2700+45"]

1. e4 e6 2. d4 d5 3. e5 c5 4. c3 Nc6 5. Nf3 Qb6 6. Be2 Nge7 7. Na3 a6 8. O-O
cxd4 9. cxd4 Nf5 10. Nc2 Be7 11. b3 O-O 12. g4 Nh4 13. Nxh4 Bxh4 14. g5 f6 15.
gxf6 gxf6 16. Bh6 fxe5 17. Bxf8 Kxf8 18. Qd2 Qc7 19. Kh1 Qg7 20. Rg1 Qf6 21. Rg2
exd4 22. Rag1 Ne7 23. Qb4 Ke8 24. Bh5+ Kd7 25. Qxd4 Qxd4 26. Nxd4 Kd6 27. f4 Bd7
28. Nf3 Bf6 29. Re2 Rg8 30. Rxg8 Nxg8 31. Ne5 Bxe5 32. fxe5+ Kc5 33. Rc2+ Kd4
34. Re2 Ne7 35. Rf2 Kxe5 36. Rf7 Kd6 37. Rxh7 Nf5 38. Bg4 Ne3 39. Be2 e5 40. Kg1
d4 41. Kf2 Bc6 42. Rh6+ Kd5 43. Rh5 Kd6 44. Rh6+ Kd5 45. Rh5 Kd6 {Game drawn by
mutual agreement} 1/2-1/2